 Dungeon Crawl Stone Soup version 0.23.2-40-g277498a001 (webtiles) character file.

Game seed: 8711546815907417293

174413 Doot the Imperceptible (level 17, 0/124 HPs)
             Began as a Vampire Enchanter on Aug 22, 2019.
             Shot with a bolt by a yaktaur (34 damage)
             ... summoned by a boggart
             ... on level 3 of the Depths on Sept 22, 2019.
             The game lasted 03:10:33 (36433 turns).

Doot the Imperceptible (Vampire Enchanter)         Turns: 36433, Time: 03:10:34

Health: 0/124      AC:  0    Str:  6 (7)  XL:     17   Next: 45%
Magic:  21/36      EV: 43    Int: 21      God:
Gold:   1467       SH:  0    Dex: 27      Spells: 20/46 levels left

rFire    . . .     SeeInvis +   (weapon currently unavailable)
rCold    x . .     Gourm    .   (shield currently unavailable)
rNeg     + . .     Faith    .   (armour currently unavailable)
rPois    .         Spirit   .   (helmet currently unavailable)
rElec    .         Reflect  .   (cloak currently unavailable)
rCorr    .         Harm     .   (gloves currently unavailable)
MR       +....                  (boots currently unavailable)
Stlth    ++++++++++             r - amulet "Puliutof" {Acrobat rC- Int+4 Stlth+}
HPRegen  0.30/turn              (ring currently unavailable)
MPRegen  0.25/turn              (ring currently unavailable)

@: bat-form, acrobat, flying, very quick
A: tiny, fangs 3, see invisible, deterioration 1, sense surroundings 1, robust
1, subdued magic 1
a: End Transformation


You were on level 3 of the Depths.
You were not thirsty.
You were in vampire-bat-form.
You visited 9 branches of the dungeon, and saw 33 of its levels.
You also visited: Ice Cave.

You collected 2938 gold pieces.
You spent 1471 gold pieces at shops.

Inventory:

Hand Weapons
 a - the +10 short sword of Armageddon (melded) {freeze, *Noise rPois rC+ Str+3}
   (You acquired it on level 15 of the Dungeon)

   It has been specially enchanted to freeze those struck by it, causing extra
   injury to most foes and up to half again as much damage against particularly
   susceptible opponents.
   It can also slow down cold-blooded creatures.
   It affects your strength (+3).
   It protects you from cold.
   It protects you from poison.
   It may make noises in combat.
 b - the +11 falchion of Oenomania {slice, rElec rPois MP+9 Dex+2}
   (You found it on level 5 of the Lair of Beasts)

   It inflicts extra damage upon your enemies.
   It affects your dexterity (+2).
   It insulates you from electricity.
   It protects you from poison.
   It affects your magic capacity (+9).
Armour
 s - the +1 ring mail of the Harp (melded) {rC- Int+9}
   (You bought it in a shop on level 2 of the Orcish Mines)

   It affects your intelligence (+9).
   It makes you vulnerable to cold.
 w - +0 steam dragon scales
 I - a +2 helmet (melded)
 S - a +2 cloak (melded)
 T - a +2 pair of boots (melded)
 V - the +1 pair of gloves "Iphomaxe" (melded) {Int+5}
   (You found it on level 2 of the Lair of Beasts)

   It affects your intelligence (+5).
Jewellery
 i - an uncursed ring of flight
 r - the amulet "Puliutof" (around neck) {Acrobat rC- Int+4 Stlth+}
   (You found it on level 13 of the Dungeon)

   [amulet of the acrobat]

   It helps you evade while moving and waiting.
   It affects your intelligence (+4).
   It makes you vulnerable to cold.
   It makes you more stealthy.
 u - an uncursed ring of magical power
 y - the amulet "Zusymoud" {Faith MR+ Str+4 Dex-4}
   (You found it on level 1 of the Depths)

   [amulet of faith]

   It allows you to gain divine favour quickly.
   It affects your strength (+4).
   It affects your dexterity (-4).
   It affects your resistance to hostile enchantments.
 B - the ring of Gone (melded) {rF+ rN++ MR- MP+9 Stlth+}
   (You found it on level 6 of the Dungeon)

   [ring of stealth]

   It protects you from fire.
   It greatly protects you from negative energy.
   It affects your resistance to hostile enchantments.
   It affects your magic capacity (+9).
   It makes you more stealthy.
 D - a +3 ring of protection
 F - an uncursed ring of poison resistance
 L - an uncursed amulet of magic regeneration
 M - a +6 ring of evasion (melded)
Wands
 o - a wand of iceblast (9)
 x - a wand of disintegration (66)
 z - a wand of digging (6)
 Q - a wand of acid (16)
 X - a wand of flame (5)
 Z - a wand of paralysis (18)
Scrolls
 e - 6 scrolls of enchant weapon
 f - 9 scrolls of remove curse
 g - 9 scrolls of teleportation
 j - 4 scrolls of fog
 k - 5 scrolls of amnesia
 H - 5 scrolls of blinking
 J - 4 scrolls of identify
 O - 3 scrolls of noise
 R - 2 scrolls of vulnerability
 U - 5 scrolls of enchant armour
 Y - 2 scrolls of immolation
Potions
 c - 11 potions of might
 d - 42 potions of blood
 h - 6 potions of agility
 l - 3 potions of invisibility
 m - 23 potions of curing
 n - a potion of berserk rage
 p - 2 potions of ambrosia
 q - 4 potions of flight
 v - 9 potions of heal wounds
 A - 7 potions of brilliance
 C - 3 potions of mutation
 E - 4 potions of haste
 G - 2 potions of magic
 K - 2 potions of cancellation
 P - 3 potions of resistance
 W - 2 potions of lignification
Miscellaneous
 t - 2 boxes of beasts
 N - a phantom mirror


   Skills:
 + Level 4.6 Fighting
 + Level 9.4(9.6) Short Blades
 + Level 2.3(5.9) Long Blades
 + Level 3.3 Armour
 + Level 6.6 Dodging
 + Level 23.9 Stealth
 + Level 15.0 Spellcasting
 + Level 19.0 Hexes
 + Level 3.3 Charms
 + Level 3.8 Summonings
 + Level 3.3 Necromancy
 + Level 9.4 Ice Magic


You had 20 spell levels left.
You knew the following spells:

 Your Spells              Type           Power        Failure   Level  Hunger
a - Corona                Hex            ######.      0%          1    None
b - Ensorcelled Hibernat  Hex/Ice        ######       0%          2    None
c - Confuse               Hex            ######..     0%          3    None
d - Regeneration          Chrm/Necr      ###.......   2%          3    None
e - Call Canine Familiar  Summ           ###.....     1%          3    None
f - Invisibility          Hex            ######..     1%          6    #####..
g - Tukima's Dance        Hex            ######..     0%          3    None
h - Summon Mana Viper     Hex/Summ       #####...     1%          5    ###....

Your spell library contained the following spells:

 Spells                   Type           Power        Failure   Level  Hunger
 Slow                     Hex            ######..     0%          2    None
 Cause Fear               Hex            ######....   0%          4    None
 Infusion                 Chrm           ###.         1%          1    None
 Summon Butterflies       Summ           ###.....     1%          1    None
 Summon Small Mammal      Summ           ###.         1%          1    None
 Call Imp                 Summ           ###.....     1%          2    None
 Song of Slaying          Chrm           ###.....     1%          2    None
 Sublimation of Blood     Necr           ###.......   1%          2    None
 Dazzling Spray           Conj/Hex       #####.       1%          3    None
 Inner Flame              Hex/Fire       #####...     1%          3    None
 Portal Projectile        Hex/Tloc       #####.       1%          3    None
 Spectral Weapon          Hex/Chrm       #####...     1%          3    None
 Summon Guardian Golem    Hex/Summ       #####...     1%          3    None
 Fulminant Prism          Conj/Hex       #####.....   1%          4    None
 Leda's Liquefaction      Hex/Erth       #####.....   1%          4    None
 Summon Ice Beast         Ice/Summ       ####....     1%          4    None
 Apportation              Tloc           ##....       2%          1    None
 Beastly Appendage        Tmut           ##....       2%          1    None
 Magic Dart               Conj           ##..         2%          1    None
 Shroud of Golubria       Chrm/Tloc      ###.......   2%          2    None
 Vampiric Draining        Necr           ###.......   2%          3    None
 Blink                    Tloc           N/A          4%          2    None
 Poisonous Vapours        Pois/Air       ##....       4%          2    None
 Searing Ray              Conj           ##....       4%          2    None
 Sticks to Snakes         Tmut           ##......     4%          2    None
 Recall                   Summ/Tloc      N/A          4%          3    None
 Ice Form                 Ice/Tmut       ####....     4%          4    None
 Conjure Flame            Conj/Fire      ##......     10%         3    None
 Lesser Beckoning         Tloc           ##........   10%         3    None
 Mephitic Cloud           Conj/Pois/Air  ##......     10%         3    None
 Spider Form              Tmut/Pois      ##........   10%         3    None
 Summon Lightning Spire   Summ/Air       ###.....     14%         4    None
 Aura of Abjuration       Summ           ###.......   19%         5    ###....
 Summon Demon             Summ           ###.......   19%         5    ###....
 Agony                    Necr           ###.....     24%         5    ###....
 Force Lance              Conj/Tloc      ##......     32%         4    None
 Iskenderun's Mystic Bla  Conj           ##......     32%         4    None
 Simulacrum               Ice/Necr       ####......   36%         6    #####..
 Summon Forest            Summ/Tloc      ###.......   38%         5    ###....
 Alistair's Intoxication  Tmut/Pois      ##......     67%         5    ###....
 Blade Hands              Tmut           ##........   67%         5    ###....
 Irradiate                Conj/Tmut      ##........   67%         5    ###....
 Shadow Creatures         Summ           N/A          73%         6    #####..
 Freezing Cloud           Conj/Ice/Air   ###.......   82%         6    #####..
 Hydra Form               Tmut           ##........   99%         6    #####..
 Statue Form              Tmut/Erth      ##.......    99%         6    #####..
 Dragon Form              Tmut           ##........   100%        7    ######.
 Ring of Flames           Chrm/Fire      ###.......   100%        7    ######.


Dungeon Overview and Level Annotations

Branches:
Dungeon (15/15)            Temple (1/1) D:7            Lair (6/6) D:11
  Swamp (2/4) Lair:4        Snake (1/4) Lair:3        Slime (1/5) Lair:5
    Orc (2/2) D:11            Elf (2/3) Orc:2        Vaults (0/5) D:13
 Depths (3/5) D:15

Altars:
Ashenzari
Cheibriados
Dithmenos
Elyvilon
Fedhas
Gozag
Hepliaklqana
Kikubaaqudgha
Makhleb
Nemelex Xobeh
Okawaru
Qazlal
Ru
Sif Muna
Trog
Uskayaw
Vehumet
Wu Jian
Xom
Yredelemnul
Zin
The Shining One
Beogh

Shops:
D:5 (   D:8 [   D:11 [   D:15 (   Orc:2 :*[(   Depths:2 *   Depths:3 (

Portals:
Hell: Depths:1 Depths:2
Pandemonium: Depths:2 Depths:3

Annotations:
Lair:1 3 runed translucent doors, Ceckukk's ghost, journeyman GrEE
Lair:6 exclusion: 4 oklob plants
Swamp:1 2 transporters, Meegle's ghost, journeyman DEFE
Snake:1 Agnes


Innate Abilities, Weirdness & Mutations

You have razor-sharp teeth.
You have supernaturally acute eyesight. (SInv)
((You can survive without breathing.))
Your body sometimes deteriorates upon taking damage.
You passively map a small area around you.
You are robust. (+10% HP)
Your spells are a little easier to cast, but a little less powerful.


Message History

Unknown command.
You feel much better.
The cyan ugly thing basks in the mutagenic energy from its kin and changes!
Unknown command.
The white ugly thing basks in the mutagenic energy from its kin and changes!
The boggart mumbles some strange words.
The boggart blinks!
The cyan very ugly thing basks in the mutagenic energy from its kin and changes!
The cyan very ugly thing basks in the mutagenic energy from its kin and changes!
The green very ugly thing basks in the mutagenic energy from its kin and changes!
You can't do that in your present form.
Unknown command.
You start resting.
The green very ugly thing basks in the mutagenic energy from its kin and changes!
The white very ugly thing basks in the mutagenic energy from its kin and changes!
The red very ugly thing basks in the mutagenic energy from its kin and changes!
The green very ugly thing basks in the mutagenic energy from its kin and changes!
The yaktaur wields a +0 arbalest.
The yaktaur shoots a bolt.
The bolt hits you!!
You die...

#≈## #≈≈. ### #≈.≈
#b# #≈.. ##≈## ###≈≈.
##≈≈≈# #####..≈≈.
#≈≈≈≈# #......≈..
#≈≈≈≈######.##......
#≈uu≈#......≈≈≈≈≈.≈.
##≈≈uuc≈≈≈≈≈≈≈.≈≈≈≈≈≈
#.≈≈≈≈≈≈≈≈≈≈≈≈≈≈≈≈≈≈≈
##.≈≈≈.≈.≈≈≈≈≈.≈≈≈≈≈≈


You could see 3 very ugly things, a white ugly thing and a yaktaur.

Vanquished Creatures
  Saint Roka (Orc:2)
  A tengu reaver (Depths:2)
  Gastronok (Lair:3)
  A fire giant (Depths:2)
  2 orc warlords
  2 frost giants
  4 very ugly things
  4 stone giants
  Azrael (Orc:2)
  2 ettins
  A deep elf death mage (Elf:1)
  3 fire dragons
  2 great orbs of eyes (Depths:2)
  Erolcha (Orc:2)
  Fannar (D:12)
  A yaktaur captain (D:13)
  5 hydras
  2 ice dragons
  Harold (D:7)
  A rakshasa (Depths:1)
  3 catoblepae (Lair:6)
  5 centaur warriors
  16 two-headed ogres
  5 alligators (Swamp:1)
  A shambling mangrove (Swamp:1)
  2 ogre magi (Depths:2)
  A tengu warrior (Depths:1)
  9 death yaks
  A deep troll shaman (Depths:1)
  3 orc high priests
  An iron troll (Depths:1)
  6 deep elf knights
  A skeletal warrior (D:14)
  A spark wasp zombie (D:15)
  Nergalle (D:12)
  4 deep trolls (Depths:1)
  A flayed ghost (D:15)
  3 unseen horrors
  A swamp dragon (Swamp:1)
  A lindwurm (Lair:1)
  5 necromancers
  4 deep elf archers (Elf:1)
  24 deep elf magi
  3 oklob plants
  Pikel (D:7)
  3 orc sorcerers
  23 ugly things
  4 cyclopes
  A salamander (shapeshifter) (Elf:1)
  7 orc knights
  4 manticores
  11 elephants
  A black mamba (Lair:3)
  A stone giant skeleton (D:15)
  A torpor snail (Lair:1)
  Psyche (D:12)
  4 gargoyles
  10 spiny frogs
  2 ice devils (D:13)
  5 rime drakes
  A rime drake (shapeshifter) (D:13)
  5 komodo dragons
  4 efreet
  7 yaktaurs
  3 tengu conjurers
  A jumping spider (shapeshifter) (Elf:1)
  A guardian mummy (D:15)
  A troll (shapeshifter) (Elf:1)
  5 hornets
  9 trolls
  Prince Ribbit (Lair:2)
  5 polar bears
  8 blink frogs
  A harpy skeleton (D:15)
  5 tyrant leeches (Swamp:1)
  A large abomination (Elf:1)
  13 hippogriffs
  16 slime creatures
  16 dream sheep
  3 bog bodies
  A dream sheep (shapeshifter) (Depths:1)
  A water elemental (Elf:2)
  A fire dragon skeleton (D:15)
  A spriggan (shapeshifter) (Depths:1)
  2 air elementals (Elf:1)
  3 shadows
  11 wyverns
  A vampire (D:11)
  Eustachio (D:6)
  A wraith (D:13)
  2 hogs (D:14)
  5 humans (D:8)
  35 yaks
  A golden eye (shapeshifter) (Depths:1)
  2 steam dragons
  6 basilisks
  2 fire elementals (Orc:2)
  A hungry ghost (D:11)
  4 vampire mosquitoes (Swamp:1)
  2 swamp worms (Swamp:1)
  5 insubstantial wisps (Swamp:1)
  A warg (Orc:2)
  4 nagas (Lair:3)
  2 soldier ants
  An acid dragon (D:13)
  6 water moccasins
  3 hell hounds (Orc:2)
  10 porcupines
  A swamp drake (Swamp:1)
  4 black bears
  34 orc warriors
  6 ice beasts
  21 ogres
  An eye of draining (D:8)
  A phantom (D:9)
  2 sky beasts
  A hornet zombie (D:9)
  4 boggarts (Depths:3)
  15 wolves
  14 centaurs
  12 crocodiles
  2 big kobolds
  6 elf zombies (Elf:1)
  Blork the orc (D:4)
  20 bullfrogs
  3 wyvern skeletons
  2 scorpions (D:11)
  7 killer bees
  6 wights
  2 bullfrog zombies
  10 crimson imps
  8 hounds
  21 orc priests
  7 bullfrog skeletons
  5 jellies
  6 centaur skeletons
  7 iguanas
  21 orc wizards
  9 worker ants
  A hound skeleton (D:9)
  A howler monkey zombie (D:5)
  A mummy (D:4)
  A howler monkey skeleton (D:5)
  10 adders
  5 shadow imps
  2 oozes (Lair:5)
  A worm (D:8)
  A dart slug (D:2)
  4 leopard geckos
  84 orcs
  10 bats
  7 giant cockroaches
  6 goblins
  4 hobgoblins
  13 jackals
  4 quokkas
  2 ball pythons (D:3)
  A ball python skeleton (D:4)
  6 frilled lizards
  A jackal zombie (D:7)
  15 kobolds
  A kobold zombie (D:4)
  3 orc zombies (D:4)
  A quokka zombie (D:6)
  3 rats
886 creatures vanquished.

Vanquished Creatures (collateral kills)
  A shadow dragon (Depths:2)
  Kirke (D:14)
  4 very ugly things (Depths:1)
  A deep elf death mage (Elf:1)
  A hydra (Lair:6)
  A spriggan air mage (Depths:2)
  A centaur warrior (Depths:1)
  A rakshasa (Depths:1)
  2 dancing weapons (Elf:1)
  A deep elf knight (Elf:1)
  A skeletal warrior (D:15)
  A deep elf archer (Elf:1)
  5 orc knights
  4 ugly things
  4 deep elf magi (Elf:1)
  2 rime drakes (D:14)
  A hornet (shapeshifter) (Depths:1)
  A dream sheep (Lair:5)
  2 slime creatures (Depths:2)
  An ice dragon skeleton (D:15)
  4 fire elementals
  A warg (Orc:2)
  6 orc warriors (Orc:2)
  An ogre (Orc:2)
  3 earth elementals (Elf:1)
  6 orc priests
  6 orc wizards (Orc:2)
  7 orcs (Orc:2)
70 creatures vanquished.

Vanquished Creatures (others)
  5 dancing weapons
  2 vampire mosquitoes (Swamp:1)
  A swamp drake (Swamp:1)
  An earth elemental (Elf:1)
  2 orcs (Elf:1)
  6 fungi
  14 plants
31 creatures vanquished.

Grand Total: 987 creatures vanquished

Notes
Turn   | Place    | Note
-------+----------+-------------------------------------------
     0 | D:1      | Doot the Vampire Enchanter began the quest for the Orb.
     0 | D:1      | Reached XP level 1. HP: 13/13 MP: 3/3
   673 | D:1      | Reached skill level 5 in Stealth
   673 | D:1      | Reached XP level 2. HP: 16/20 MP: 3/5
   752 | D:1      | Learned a level 2 spell: Ensorcelled Hibernation
  1461 | D:1      | Reached XP level 3. HP: 20/25 MP: 0/6
  1693 | D:2      | Found a faded altar of an unknown god.
  1865 | D:2      | Learned a level 3 spell: Confuse
  2405 | D:3      | Reached XP level 4. HP: 31/31 MP: 7/7
  2770 | D:3      | Reached skill level 5 in Hexes
  2868 | D:3      | Reached skill level 6 in Stealth
  3253 | D:4      | Reached XP level 5. HP: 31/36 MP: 1/9
  3497 | D:3      | Reached skill level 1 in Ice Magic
  3650 | D:4      | Reached skill level 1 in Fighting
  3844 | D:4      | Noticed Blork the orc
  3927 | D:4      | Reached XP level 6. HP: 19/43 MP: 4/10
  4404 | D:4      | Killed Blork the orc
  5028 | D:5      | Entered Level 5 of the Dungeon
  5074 | D:5      | Reached skill level 7 in Stealth
  5234 | D:5      | Reached XP level 7. HP: 23/48 MP: 12/12
  5688 | D:5      | Reached skill level 8 in Stealth
  5694 | D:5      | Found a radiant altar of Vehumet.
  5877 | D:5      | Reached skill level 9 in Stealth
  6025 | D:5      | Reached XP level 8. HP: 41/54 MP: 14/14
  6087 | D:5      | Found Demmeng's Antique Weapon Shoppe.
  6177 | D:6      | Got a steaming turquoise ring
  6178 | D:6      | Identified the ring of Gone {rF+ rN++ MR- MP+9 Stlth+} (You
                  | found it on level 6 of the Dungeon)
  6355 | D:6      | Reached skill level 10 in Stealth
  6590 | D:6      | Noticed Eustachio
  6604 | D:6      | Killed Eustachio
  6897 | D:7      | Found a staircase to the Ecumenical Temple.
  6905 | Temple   | Entered the Ecumenical Temple
  7042 | D:7      | Reached skill level 11 in Stealth
  7117 | D:7      | Reached skill level 5 in Spellcasting
  7162 | D:7      | Noticed Harold
  7200 | D:7      | Reached XP level 9. HP: 61/61 MP: 16/16
  7285 | D:7      | Noticed Pikel
  7381 | D:7      | Killed Harold
  7480 | D:7      | Killed Pikel
  7480 | D:7      | Reached skill level 10 in Hexes
  7734 | D:8      | Reached skill level 12 in Stealth
  7758 | D:8      | Found Etaliapi's Armour Boutique.
  7762 | D:8      | Bought a +2 helmet for 214 gold pieces
  7924 | D:8      | Reached XP level 10. HP: 55/67 MP: 18/20
  7980 | D:8      | Learned a level 3 spell: Regeneration
  7984 | D:8      | Learned a level 3 spell: Call Canine Familiar
  8098 | D:8      | Paralysed by a hornet for 2 turns
  8243 | D:8      | Reached skill level 1 in Armour
  8498 | D:8      | Reached skill level 5 in Short Blades
  8500 | D:8      | Reached skill level 1 in Necromancy
  8924 | D:9      | Reached skill level 13 in Stealth
  9439 | D:9      | Reached skill level 5 in Ice Magic
  9612 | D:10     | Entered Level 10 of the Dungeon
  9623 | D:10     | Noticed a gargoyle
  9627 | D:10     | Killed a gargoyle
  9627 | D:10     | Reached skill level 1 in Charms
  9627 | D:10     | Reached XP level 11. HP: 73/73 MP: 22/22
  9668 | D:10     | Noticed a two-headed ogre
  9712 | D:10     | Killed a two-headed ogre
  9780 | D:10     | Reached skill level 14 in Stealth
  9819 | D:10     | Identified the +0 robe "Caukuxky" {rN+ MR- Dex+3}
 10380 | D:11     | Found a staircase to the Lair.
 10551 | D:11     | Found a staircase to the Orcish Mines.
 10577 | D:11     | Found a roughly hewn altar of Beogh.
 10601 | D:11     | Noticed an unseen horror
 10605 | D:11     | Killed an unseen horror
 10777 | D:11     | Found Penushure's Antique Armour Boutique.
 10806 | D:11     | Noticed a deep elf mage
 10806 | D:11     | Noticed a deep elf mage
 10807 | D:11     | Noticed a deep elf mage
 10807 | D:11     | Noticed a deep elf mage
 10807 | D:11     | Noticed a deep elf mage
 10807 | D:11     | Noticed a deep elf mage
 10807 | D:11     | Noticed a deep elf mage
 10808 | D:11     | Noticed a deep elf mage
 10848 | D:11     | Reached skill level 15 in Stealth
 10925 | D:11     | Noticed a deep elf mage
 10938 | D:11     | Killed a deep elf mage
 10942 | D:11     | Killed a deep elf mage
 10964 | D:11     | Killed a deep elf mage
 11027 | D:11     | Killed a deep elf mage
 11054 | D:11     | Killed a deep elf mage
 11222 | D:11     | Reached XP level 12. HP: 37/80 MP: 25/25
 11393 | D:11     | Reached skill level 16 in Stealth
 11594 | Lair:1   | Entered Level 1 of the Lair of Beasts
 11594 | Lair:1   | Noticed a four-headed hydra
 11601 | Lair:1   | Killed a four-headed hydra
 11752 | Lair:1   | Got a shimmering buckler
 11758 | Lair:1   | Identified the +1 buckler of Dishonesty {-Cast rElec Int+2
                  | Slay+2 Stlth+} (You found it on level 1 of the Lair of
                  | Beasts)
 11890 | Lair:1   | Noticed a seven-headed hydra
 12008 | Lair:1   | Found a runed translucent gate.
 12008 | Lair:1   | Found a runed translucent gate.
 12008 | Lair:1   | Found a runed translucent gate.
 12198 | Lair:1   | Noticed Ceckukk's ghost (journeyman GrEE)
 12205 | Lair:1   | Noticed an ice dragon
 12232 | Lair:1   | Reached skill level 10 in Spellcasting
 12597 | Lair:1   | Reached skill level 17 in Stealth
 12811 | Lair:2   | Noticed Prince Ribbit
 12818 | Lair:2   | Killed Prince Ribbit
 13560 | Lair:2   | Got a pair of encrusted gloves
 13566 | Lair:2   | Identified the +1 pair of gloves "Iphomaxe" {Int+5} (You
                  | found it on level 2 of the Lair of Beasts)
 13885 | Lair:3   | Reached skill level 18 in Stealth
 13959 | Lair:3   | Noticed Gastronok
 13984 | Lair:3   | Killed Gastronok
 13984 | Lair:3   | Reached XP level 13. HP: 84/85 MP: 27/27
 14052 | Lair:3   | Found a staircase to the Snake Pit.
 14180 | Lair:3   | Learned a level 6 spell: Invisibility
 14564 | Lair:4   | Found a staircase to the Swamp.
 14821 | Lair:4   | Got a steaming long sword
 14824 | Lair:4   | Identified the +11 long sword of the Omega Point
                  | {antimagic, MR+} (You found it on level 4 of the Lair of
                  | Beasts)
 15355 | Lair:5   | Found a staircase to the Slime Pits.
 15546 | Lair:5   | Reached skill level 19 in Stealth
 16131 | Lair:5   | Got a smoking falchion
 16132 | Lair:5   | Identified the +11 falchion of Oenomania {slice, rElec
                  | rPois MP+9 Dex+2} (You found it on level 5 of the Lair of
                  | Beasts)
 16505 | Lair:6   | Entered Level 6 of the Lair of Beasts
 16673 | Lair:6   | Reached skill level 15 in Hexes
 17765 | Lair:6   | Reached XP level 14. HP: 91/93 MP: 29/29
 18049 | Lair:6   | Reached skill level 5 in Dodging
 18369 | Lair:6   | Reached skill level 20 in Stealth
 18618 | Slime:1  | Entered Level 1 of the Pits of Slime
 18618 | Slime:1  | Noticed an acid blob
 18999 | D:12     | Noticed Psyche
 19006 | D:12     | Killed Psyche
 19131 | D:12     | Noticed Nergalle
 19145 | D:12     | Killed Nergalle
 19229 | D:12     | Noticed Fannar
 19293 | D:12     | Killed Fannar
 19926 | D:13     | Found a frozen archway.
 19946 | IceCv    | Entered an ice cave
 20444 | Orc:1    | Entered Level 1 of the Orcish Mines
 20671 | Orc:1    | Noticed a stone giant
 21409 | D:13     | Found a gate to the Vaults.
 22063 | D:13     | Identified the ring "Pelosebb" {Wiz rElec rC+}
 22622 | D:13     | Identified the amulet "Mokojof" {Spirit rPois}
 22700 | D:13     | Got a vibrating copper amulet
 22702 | D:13     | Identified the amulet "Puliutof" {Acrobat rC- Int+4 Stlth+}
                  | (You found it on level 13 of the Dungeon)
 23048 | Orc:1    | Killed a stone giant
 23082 | Orc:1    | Found a roughly hewn altar of Beogh.
 23383 | Orc:2    | Entered Level 2 of the Orcish Mines
 23538 | Orc:2    | Found a staircase to the Elven Halls.
 23614 | Orc:2    | Reached skill level 1 in Long Blades
 23863 | Orc:2    | Noticed Erolcha
 23877 | Orc:2    | Killed Erolcha
 23877 | Orc:2    | Reached skill level 21 in Stealth
 23946 | Orc:2    | Noticed Saint Roka
 24214 | Orc:2    | Reached skill level 1 in Summonings
 24483 | D:13     | Identified the ring of Wurroehe {Ice rElec rN++ Str-2}
 24495 | D:13     | Gained mutation: You passively map a small area around you.
                  | [potion of mutation]
 24495 | D:13     | Gained mutation: You are dopey. (Int -2) [potion of
                  | mutation]
 24495 | D:13     | Gained mutation: You are partially covered in thin metallic
                  | scales. (AC +2) [potion of mutation]
 24496 | D:13     | Lost mutation: You are dopey. (Int -2) [potion of mutation]
 24496 | D:13     | Lost mutation: You are partially covered in thin metallic
                  | scales. (AC +2) [potion of mutation]
 24496 | D:13     | Gained mutation: Your spells are a little easier to cast,
                  | but a little less powerful. [potion of mutation]
 24496 | D:13     | Gained mutation: You are robust. (+10% HP) [potion of
                  | mutation]
 24571 | D:14     | Reached XP level 15. HP: 110/110 MP: 31/31
 24860 | D:14     | Found a sacrificial altar of Ru.
 24908 | D:14     | Found a shattered altar of Ashenzari.
 25413 | D:8      | Bought a +2 cloak for 214 gold pieces
 25609 | Swamp:1  | Entered Level 1 of the Swamp
 26004 | Swamp:1  | Found a transporter.
 26009 | Swamp:1  | Found a transporter.
 26009 | Swamp:1  | Noticed Meegle's ghost (journeyman DEFE)
 26984 | Swamp:2  | Noticed a thorn hunter
 27113 | Snake:1  | Entered Level 1 of the Snake Pit
 27121 | Snake:1  | Noticed Agnes
 27363 | Orc:1    | Learned a level 3 spell: Tukima's Dance
 27369 | Orc:1    | Learned a level 5 spell: Summon Mana Viper
 27482 | Orc:2    | Killed Saint Roka
 27904 | Orc:2    | Found a roughly hewn altar of Beogh.
 28075 | Orc:2    | Noticed an orc warlord
 28094 | Orc:2    | Paralysed by an orc sorcerer for 3 turns
 28244 | Orc:2    | Killed an orc warlord
 28263 | Orc:2    | Paralysed by an orc sorcerer for 2 turns
 28320 | Orc:2    | Found Vihonyum's Antique Armour Shoppe.
 28333 | Orc:2    | Found Vanuocso's Book Shoppe.
 28389 | Orc:2    | Noticed Azrael
 28704 | Orc:2    | Found Damenena's General Store.
 28710 | Orc:2    | Bought a scroll of vulnerability for 112 gold pieces
 28721 | Orc:2    | Found Jeynuix's Antique Weapon Shoppe.
 28774 | Orc:2    | Bought a distressingly furry ring mail for 234 gold pieces
 28786 | Orc:2    | Identified the +1 ring mail of the Harp {rC- Int+9} (You
                  | bought it in a shop on level 2 of the Orcish Mines)
 29010 | Orc:2    | Killed Azrael
 29026 | Elf:1    | Entered Level 1 of the Elven Halls
 29031 | Elf:1    | Reached skill level 22 in Stealth
 29079 | Elf:1    | Found a radiant altar of Vehumet.
 29876 | Elf:1    | Identified the Collected Works on Darkness
 30149 | Elf:1    | Reached XP level 16. HP: 116/116 MP: 33/33
 30669 | Elf:1    | Gained mutation: Your body sometimes deteriorates upon
                  | taking damage. [a neqoxec]
 31709 | D:14     | Noticed Kirke
 31742 | D:14     | Killed Kirke
 31975 | D:15     | Entered Level 15 of the Dungeon
 32017 | D:15     | Found a staircase to the Depths.
 32053 | D:15     | Found Rivuth's Weapon Boutique.
 32436 | D:15     | Identified a scroll of acquirement
 32440 | D:15     | Got a dazzling short sword
 32441 | D:15     | Identified the +10 short sword of Armageddon {freeze,
                  | *Noise rPois rC+ Str+3} (You acquired it on level 15 of the
                  | Dungeon)
 32640 | D:15     | Reached skill level 23 in Stealth
 33058 | Depths:1 | Entered Level 1 of the Depths
 33067 | Depths:1 | Found a gateway to Hell.
 33138 | Depths:1 | Found a shattered altar of Ashenzari.
 33848 | Depths:1 | Got a transparent ruby amulet
 33850 | Depths:1 | Identified the amulet "Zusymoud" {Faith MR+ Str+4 Dex-4}
                  | (You found it on level 1 of the Depths)
 34592 | Depths:2 | Reached XP level 17. HP: 124/124 MP: 35/35
 34843 | Depths:2 | Found a hazy altar of Hepliaklqana.
 34959 | Depths:2 | Found a one-way gate leading to the halls of Pandemonium.
 35045 | Depths:2 | Found Witwem's Assorted Antiques.
 35092 | Depths:2 | Bought a leatherbound book for 465 gold pieces
 35095 | Depths:2 | Bought a pair of embroidered boots for 232 gold pieces
 35518 | Depths:2 | Noticed an ancient lich
 35693 | Depths:2 | Noticed a lich
 35694 | Depths:2 | Noticed a juggernaut
 35694 | Depths:2 | Noticed a golden dragon
 35694 | Depths:2 | Noticed a golden dragon
 35708 | Depths:2 | Noticed a titan
 35911 | Depths:3 | Reached skill level 15 in Spellcasting
 36236 | Depths:3 | Found Fiyckerr's Weapon Boutique.
 36384 | Depths:3 | Paralysed by a great orb of eyes for 2 turns
 36406 | Depths:3 | HP: 4/124 [yaktaur/cursed -3 arbalest[a boggart] (6)]
 36433 | Depths:3 | Shot with a bolt by a yaktaur

Skill      XL: |  1  2  3  4  5  6  7  8  9 10 11 12 13 14 15 16 17 |
---------------+----------------------------------------------------+-----
Stealth        | 5 6 7 9 11 12 13 15 18 19 21 22 23 | 23.9
Hexes          | 5 6 7 8 10 12 14 15 16 17 18 19 | 19.0
Short Blades   | 2 3 4 5 6 7 8 9 |  9.4
Dodging        | 3 4 5 6 |  6.6
Ice Magic      | 1 2 3 5 6 7 8 9 |  9.4
Fighting       | 1 2 3 4 |  4.6
Spellcasting   | 3 4 5 6 7 9 10 11 12 13 14 15 | 15.0
Armour         | 1 2 3 |  3.3
Necromancy     | 1 2 3 |  3.3
Charms         | 1 2 3 |  3.3
Long Blades    | 1 2 |  2.3
Summonings     | 1 2 3 |  3.8

Action                   |  1- 3 |  4- 6 |  7- 9 | 10-12 | 13-15 | 16-18 || total
-------------------------+-------+-------+-------+-------+-------+-------++-------
Melee: Dagger            |   160 |   105 |   140 |   317 |   450 |    16 ||  1188
       Bite              |     9 |    13 |    12 |    25 |    71 |    35 ||   165
       Falchion          |       |       |       |       |   206 |     5 ||   211
       Rapier            |       |       |       |       |   216 |   126 ||   342
       Short sword       |       |       |       |       |       |   209 ||   209
 Cast: Corona            |    12 |     4 |       |     2 |     2 |       ||    20
       Ensorcelled Hiber |    23 |    41 |    46 |   158 |   251 |   138 ||   657
       Confuse           |       |    13 |    35 |    64 |   261 |   121 ||   494
       Regeneration      |       |       |       |    14 |    55 |    16 ||    85
       Call Canine Famil |       |       |       |     3 |    23 |     4 ||    30
       Invisibility      |       |       |       |       |    15 |     3 ||    18
       Summon Mana Viper |       |       |       |       |    37 |    47 ||    84
       Tukima's Dance    |       |       |       |       |     5 |     5 ||    10
 Abil: Bat Form          |       |     3 |     1 |     5 |    18 |     3 ||    30
       End Transformatio |       |     1 |     1 |     5 |    18 |     2 ||    27
  Use: Potion            |     6 |    16 |    10 |    10 |    40 |    13 ||    95
       Scroll            |       |       |     9 |     9 |    11 |     4 ||    33
 Stab: Sleeping          |    21 |    22 |    44 |   150 |   215 |    99 ||   551
       Confused          |       |     6 |    17 |    30 |   121 |    72 ||   246
       Invisible         |       |       |       |       |    24 |       ||    24
       Distracted        |       |       |       |       |     5 |     4 ||     9
  Eat: Corpse            |       |       |       |     6 |    13 |     4 ||    23
Armor: Robe              |    42 |    22 |     9 |       |    53 |       ||   126
       Leather armour    |       |       |     4 |     2 |       |       ||     6
       Troll leather arm |       |       |       |    54 |    55 |       ||   109
       Steam dragon scal |       |       |       |       |    48 |    39 ||    87
       Ring mail         |       |       |       |       |       |    39 ||    39
Dodge: Dodged            |   156 |   130 |    55 |   187 |   651 |   349 ||  1528
       Rpst.: Falchion   |       |       |       |       |    37 |       ||    37
